| 
	| TOP OF THE 1ST | 
|---|
 
		| Texas Rangers batting - Pitching for Oakland Athletics : RHP Corbin Schenn |  
		| Pitching: RHP Corbin Schenn |  |  
		| Batting: LHB Sean Geisler | 0-0: Foul Ball, location: 2F 0-1: Ball
 1-1: SINGLE  (Line Drive, 89S, EV 106.9 MPH)
 |  
		| Batting: RHB Butch Kaiser | 0-0: Called Strike 0-1: Ball
 1-1: Called Strike
 1-2:  Fly out, F9  (Flyball, 9S, EV 86.2 MPH)
 |  
		| Batting: SHB John Giesbrecht | 0-0: Called Strike 0-1: Called Strike
 0-2: Ball
 1-2: Ball
 2-2: Ball
 3-2: Foul Ball, location: 2F
 3-2: SINGLE  (Line Drive, 8RS, EV 96.2 MPH)
 Sean Geisler to second
 Sean Geisler to third
 |  
		| Batting: SHB Addick de Vries | 0-0: Called Strike 0-1: Swinging Strike
 0-2: Ball
 1-2: Ball
 2-2: Ball
 3-2:  Fly out, F8  (Flyball, 8RD, EV 89.4 MPH)
 Runner from 3rd tags up, SCORES, throw by CF
 |  
		| Batting: RHB Ray Llewellyn | 0-0: Ball Wild Pitch!
 John Giesbrecht to second
 1-0: Ball
 2-0: Foul Ball, location: 2F
 2-1: Swinging Strike
 2-2: Strikes out swinging
 |  
		| Top of the 1st over - 1 run, 2 hits, 0 errors, 1 left on base; Texas 1 - Oakland 0 |  
	| BOTTOM OF THE 1ST | 
|---|
 
		| Oakland Athletics batting - Pitching for Texas Rangers : RHP Pimbly Nimblebottom |  
		| Pitching: RHP Pimbly Nimblebottom |  |  
		| Batting: RHB C.J. Beavers | 0-0: Ball 1-0: Foul Ball, location: 2F
 1-1: Ball
 2-1: Called Strike
 2-2: Strikes out swinging
 |  
		| Batting: SHB Quincy Bradford | 0-0: Ball 1-0: Ball
 2-0: Foul Ball, location: 2F
 2-1: Foul Ball, location: 2F
 2-2: Ball
 3-2: Base on Balls
 |  
		| Batting: SHB Jerry Luckwell | 0-0: Ball 1-0: Ball
 2-0: Called Strike
 Pickoff Throw by Catcher to First - Out!
 2-1: SINGLE  (Groundball, 4D, EV 110.0 MPH)
 |  
		| Batting: LHB Sakae Kasahara | 0-0: Ball 1-0: Ball
 2-0: Ball
 3-0: Called Strike
 3-1: Base on Balls
 Jerry Luckwell to second
 |  
		| Batting: RHB Randy Shrewsbury | 0-0: Called Strike 0-1: Foul Ball, location: 2F
 0-2:  Fly out, F8  (Line Drive, 8LM, EV 86.2 MPH)
 |  
		| Bottom of the 1st over - 0 runs, 1 hit, 0 errors, 2 left on base; Texas 1 - Oakland 0 |  
	| TOP OF THE 2ND | 
|---|
 
		| Texas Rangers batting - Pitching for Oakland Athletics : RHP Corbin Schenn |  
		| Batting: LHB Andy Bowman | 0-0: Ball 1-0: Swinging Strike
 1-1: Foul Ball, location: 2F
 1-2: Strikes out swinging
 |  
		| Batting: RHB Blake Ballard | 0-0: Swinging Strike 0-1: Ball
 1-1: Foul Ball, location: 2F
 1-2: Ball
 2-2: Ground out 6-3 (Groundball, 6, EV 107.5 MPH)
 |  
		| Batting: RHB Chad Thompson | 0-0:  Fly out, F9  (Line Drive, 9S, EV 102.5 MPH) |  
		| Top of the 2nd over - 0 runs, 0 hits, 0 errors, 0 left on base; Texas 1 - Oakland 0 |  
	| BOTTOM OF THE 2ND | 
|---|
 
		| Oakland Athletics batting - Pitching for Texas Rangers : RHP Pimbly Nimblebottom |  
		| Batting: LHB Tom Butterbaugh | 0-0: Ball 1-0: Called Strike
 1-1: Called Strike
 1-2: Ball
 2-2: Foul Ball, location: 2F
 2-2: Strikes out swinging
 |  
		| Batting: RHB Tommy Baird | 0-0: Ball 1-0: Foul Ball, location: 2F
 1-1: Foul Ball, location: 2F
 1-2: Ball
 2-2: Ground out 6-3 (Groundball, 4M, EV 103.1 MPH)
 |  
		| Batting: RHB Nick Gentzel | 0-0: Called Strike 0-1: Ball
 1-1: Ball
 2-1: Foul Ball, location: 2F
 2-2: Foul Ball, location: 2F
 2-2: Strikes out swinging
 |  
		| Bottom of the 2nd over - 0 runs, 0 hits, 0 errors, 0 left on base; Texas 1 - Oakland 0 |  
	| TOP OF THE 3RD | 
|---|
 
		| Texas Rangers batting - Pitching for Oakland Athletics : RHP Corbin Schenn |  
		| Batting: RHB Reilly Hawkins | 0-0: Ground out 6-3 (Groundball, 6, EV 105.6 MPH) |  
		| Batting: LHB Sean Geisler | 0-0: Ground out 1-3 (Groundball, 34S, EV 75.6 MPH) |  
		| Batting: RHB Butch Kaiser | 0-0: Ball 1-0: Ball
 2-0: Swinging Strike
 2-1:  Fly out, F9  (Flyball, 9LD, EV 80.6 MPH)
 |  
		| Top of the 3rd over - 0 runs, 0 hits, 0 errors, 0 left on base; Texas 1 - Oakland 0 |  
	| BOTTOM OF THE 3RD | 
|---|
 
		| Oakland Athletics batting - Pitching for Texas Rangers : RHP Pimbly Nimblebottom |  
		| Batting: RHB Garry Hash | 0-0: Foul Ball, location: 2F 0-1: SINGLE  (Line Drive, 89M, EV 100.6 MPH)
 |  
		| Batting: RHB C.J. Beavers | 0-0: Called Strike 0-1: Foul Ball, location: 2F
 0-2: Foul Ball, location: 2F
 0-2: Strikes out looking
 |  
		| Batting: SHB Quincy Bradford | 0-0: Called Strike 0-1: Called Strike
 Garry Hash steals 2nd base
 0-2: Foul Ball, location: 2F
 0-2: Ball
 1-2:  Fly out, F8  (Flyball, 8RD, EV 98.1 MPH)
 |  
		| Batting: SHB Jerry Luckwell | 0-0: Foul Ball, location: 2F 0-1: Ball
 1-1: Called Strike
 1-2: SINGLE  (Groundball, 4D, EV 96.9 MPH)
 Garry Hash to third
 Runner from 3rd tries for Home, throw by RF and OUT! 9-2
 |  
		| Bottom of the 3rd over - 0 runs, 2 hits, 0 errors, 1 left on base; Texas 1 - Oakland 0 |  
	| TOP OF THE 4TH | 
|---|
 
		| Texas Rangers batting - Pitching for Oakland Athletics : RHP Corbin Schenn |  
		| Batting: SHB John Giesbrecht | 0-0: Ball 1-0:  Fly out, F7  (Line Drive, 78M, EV 100.0 MPH)
 |  
		| Batting: SHB Addick de Vries | 0-0: Ball 1-0: Ball
 2-0: Swinging Strike
 2-1: SINGLE  (Groundball, 4S, EV 66.2 MPH) (infield hit)
 |  
		| Batting: RHB Ray Llewellyn | 0-0: Called Strike 0-1: Foul Ball, location: 2F
 0-2: Strikes out swinging
 |  
		| Batting: LHB Andy Bowman | 0-0: Swinging Strike 0-1: Ball
 1-1: Called Strike
 1-2: Foul Ball, location: 2F
 1-2: Foul Ball, location: 2F
 1-2: Ball
 2-2: Strikes out looking
 |  
		| Top of the 4th over - 0 runs, 1 hit, 0 errors, 1 left on base; Texas 1 - Oakland 0 |  
	| BOTTOM OF THE 4TH | 
|---|
 
		| Oakland Athletics batting - Pitching for Texas Rangers : RHP Pimbly Nimblebottom |  
		| Batting: LHB Sakae Kasahara | 0-0: Swinging Strike 0-1: Ball
 1-1: Called Strike
 1-2: Strikes out looking
 |  
		| Batting: RHB Randy Shrewsbury | 0-0: Called Strike 0-1: Ball
 1-1: Ball
 2-1: Ball
 3-1: Base on Balls
 |  
		| Batting: LHB Tom Butterbaugh | 0-0: Foul Ball, location: 2F 0-1: Swinging Strike
 0-2: Hit by Pitch
 Randy Shrewsbury to second
 |  
		| Batting: RHB Tommy Baird | 0-0: Ball 1-0: Called Strike
 1-1: Ball
 2-1: Foul Ball, location: 2F
 2-2: Foul Ball, location: 2F
 2-2: Ball
 3-2: Foul Ball, location: 2F
 3-2: Foul Ball, location: 2F
 3-2: Base on Balls
 Randy Shrewsbury to third
 Tom Butterbaugh to second
 |  
		| Batting: RHB Nick Gentzel | 0-0: Ball 1-0: Ball
 2-0: Called Strike
 2-1: Ball
 3-1: Called Strike
 3-2: Foul Ball, location: 2F
 3-2: Base on Balls
 Randy Shrewsbury scores
 Tom Butterbaugh to third
 Tommy Baird to second
 |  
		| Batting: RHB Garry Hash | 0-0: Fielders Choice at 2nd, 3-6 (Groundball, 3S, EV 83.8 MPH) Tom Butterbaugh scores
 Tommy Baird to third
 |  
		| Batting: RHB C.J. Beavers | 0-0: Called Strike 0-1: Swinging Strike
 0-2: Hit by Pitch
 Garry Hash to second
 |  
		| Batting: SHB Quincy Bradford | 0-0: Ball 1-0: Swinging Strike
 1-1: Foul Ball, location: 2F
 1-2: Ball
 2-2: Ball
 3-2: Foul Ball, location: 2F
 3-2: Ground out 3-1 (Groundball, 34D, EV 86.2 MPH)
 |  
		| Bottom of the 4th over - 2 runs, 0 hits, 0 errors, 3 left on base; Texas 1 - Oakland 2 |  
	| TOP OF THE 5TH | 
|---|
 
		| Texas Rangers batting - Pitching for Oakland Athletics : RHP Corbin Schenn |  
		| Batting: RHB Blake Ballard | 0-0: Called Strike 0-1: Ground out 4-3 (Groundball, 4M, EV 78.1 MPH)
 |  
		| Batting: RHB Chad Thompson | 0-0: Swinging Strike 0-1: Called Strike
 0-2: Ground out 4-3 (Groundball, 4S, EV 83.1 MPH)
 |  
		| Batting: RHB Reilly Hawkins | 0-0: Ball 1-0: Foul Ball, location: 2F
 1-1: Ball
 2-1: Swinging Strike
 2-2: Strikes out swinging, 2-3 out at first.
 |  
		| Top of the 5th over - 0 runs, 0 hits, 0 errors, 0 left on base; Texas 1 - Oakland 2 |  
	| BOTTOM OF THE 5TH | 
|---|
 
		| Oakland Athletics batting - Pitching for Texas Rangers : RHP Pimbly Nimblebottom |  
		| Batting: SHB Jerry Luckwell | 0-0: SINGLE  (Groundball, 34D, EV 99.4 MPH) |  
		| Batting: LHB Sakae Kasahara | 0-0: Called Strike 0-1:  Fly out, F7  (Flyball, 7D, EV 92.5 MPH)
 |  
		| Batting: RHB Randy Shrewsbury | 0-0: Ball 1-0: Called Strike
 1-1: Ball
 2-1: Called Strike
 2-2: Foul Ball, location: 2F
 2-2: Fielders Choice at 2nd, 1-6 (Groundball, 34S, EV 58.1 MPH)
 |  
		| Pitching: RHP Brad Kramer |  |  
		| Batting: LHB Tom Butterbaugh | 0-0: Ball 1-0: Ball
 2-0: Ball
 3-0: Called Strike
 3-1: Foul Ball, location: 2F
 3-2: Strikes out swinging
 |  
		| Bottom of the 5th over - 0 runs, 1 hit, 0 errors, 1 left on base; Texas 1 - Oakland 2 |  
	| TOP OF THE 6TH | 
|---|
 
		| Texas Rangers batting - Pitching for Oakland Athletics : RHP Corbin Schenn |  
		| Batting: LHB Sean Geisler | 0-0: SINGLE  (Groundball, 6S, EV 62.5 MPH) (infield hit) |  
		| Batting: RHB Butch Kaiser | 0-0: Ball 1-0: Called Strike
 1-1: Called Strike
 1-2: Ball
 2-2: Strikes out swinging
 |  
		| Batting: SHB John Giesbrecht | 0-0: Ball 1-0: Swinging Strike
 1-1: Ball
 2-1: Called Strike
 2-2: Ball
 3-2: Foul Ball, location: 2F
 3-2: Strikes out swinging
 Sean Geisler is caught stealing 2nd base 2-6
 Batter strikes out.
 |  
		| Top of the 6th over - 0 runs, 1 hit, 0 errors, 0 left on base; Texas 1 - Oakland 2 |  
	| BOTTOM OF THE 6TH | 
|---|
 
		| Oakland Athletics batting - Pitching for Texas Rangers : RHP Brad Kramer |  
		| Batting: RHB Tommy Baird | 0-0: Ball 1-0: Ball
 2-0: Ball
 3-0: Called Strike
 3-1:  Fly out, F4  (Popup, 34D, EV 55.0 MPH)
 |  
		| Batting: RHB Nick Gentzel | 0-0: Foul Ball, location: 2F 0-1: Ball
 1-1: Foul Ball, location: 2F
 1-2: Ball
 2-2: Ball
 3-2: Ground out 5-3 (Groundball, 56, EV 84.4 MPH)
 |  
		| Batting: RHB Garry Hash | 0-0: Foul Ball, location: 2F 0-1: Ball
 1-1: Ball
 2-1: Ground out 5-3 (Groundball, 56, EV 106.2 MPH)
 |  
		| Bottom of the 6th over - 0 runs, 0 hits, 0 errors, 0 left on base; Texas 1 - Oakland 2 |  
	| TOP OF THE 7TH | 
|---|
 
		| Texas Rangers batting - Pitching for Oakland Athletics : RHP Corbin Schenn |  
		| Batting: SHB Addick de Vries | 0-0: Ball 1-0: Called Strike
 1-1: Foul Ball, location: 2F
 1-2: Foul Ball, location: 2F
 1-2: Foul Ball, location: 2F
 1-2: Hit by Pitch
 |  
		| Batting: RHB Ray Llewellyn | 0-0: Ball 1-0: Called Strike
 1-1: Ball
 2-1: Ball
 3-1: Foul Ball, location: 2F
 3-2: SINGLE  (Groundball, 25, EV 73.1 MPH) (infield hit)
 Addick de Vries to second
 |  
		| Batting: LHB Andy Bowman | 0-0: Ball 1-0: Foul Ball, location: 2F
 1-1: Called Strike
 1-2: Foul Ball, location: 2F
 1-2: Foul Ball, location: 2F
 1-2: Foul Ball, location: 2F
 1-2: Strikes out swinging
 |  
		| Pitching: RHP Joe Bradford |  |  
		| Batting: RHB Blake Ballard | 0-0: Called Strike 0-1: Ball
 1-1: Ball
 2-1: Ball
 3-1: Foul Ball, location: 2F
 3-2: Grounds into double play, 6-4-3 (Groundball, 6, EV 84.4 MPH)
 |  
		| Top of the 7th over - 0 runs, 1 hit, 0 errors, 1 left on base; Texas 1 - Oakland 2 |  
	| BOTTOM OF THE 7TH | 
|---|
 
		| Oakland Athletics batting - Pitching for Texas Rangers : RHP Brad Kramer |  
		| Pitching: RHP Isaburo Ishihara |  |  
		| Batting: RHB C.J. Beavers | 0-0: SINGLE  (Groundball, 56, EV 105.6 MPH) (infield hit) |  
		| Batting: SHB Quincy Bradford | 0-0: Sac Bunt to 25 - play at first, batter OUT! 5-3 C.J. Beavers to second
 |  
		| Batting: SHB Jerry Luckwell | 0-0: Ball 1-0: Called Strike
 1-1: Ground out 5-3 (Groundball, 56S, EV 66.2 MPH)
 C.J. Beavers to third
 |  
		| Batting: LHB Sakae Kasahara | 0-0: Ball 1-0: Ball
 2-0: Called Strike
 2-1: Called Strike
 2-2: Strikes out swinging
 |  
		| Bottom of the 7th over - 0 runs, 1 hit, 0 errors, 1 left on base; Texas 1 - Oakland 2 |  
	| TOP OF THE 8TH | 
|---|
 
		| Texas Rangers batting - Pitching for Oakland Athletics : RHP Joe Bradford |  
		| Batting: RHB Chad Thompson | 0-0: Called Strike 0-1: Ground out 6-3 (Groundball, 56, EV 102.5 MPH)
 |  
		| Pinch Hitting: RHB Danny Heyer | 0-0: Called Strike 0-1: Called Strike
 0-2: Ball
 1-2: DOUBLE  (Flyball, 8RXD, EV 96.9 MPH)
 |  
		| Batting: LHB Sean Geisler | 0-0: Called Strike 0-1: Foul Ball, location: 2F
 0-2: Strikes out swinging
 |  
		| Batting: RHB Butch Kaiser | 0-0: Ball 1-0: Foul Ball, location: 2F
 1-1: Ball
 2-1: Called Strike
 2-2:  Fly out, F9  (Flyball, 9S, EV 88.8 MPH)
 |  
		| Top of the 8th over - 0 runs, 1 hit, 0 errors, 1 left on base; Texas 1 - Oakland 2 |  
	| BOTTOM OF THE 8TH | 
|---|
 
		| Oakland Athletics batting - Pitching for Texas Rangers : RHP Isaburo Ishihara |  
		| Now at 3B: Danny Heyer |  |  
		| Batting: RHB Randy Shrewsbury | 0-0: Ball 1-0: Called Strike
 1-1: Ball
 2-1: Called Strike
 2-2: SINGLE  (Groundball, 56D, EV 100.0 MPH)
 |  
		| Batting: LHB Tom Butterbaugh | 0-0: Ball 1-0: Ball
 2-0: Sac Bunt to 25 - play at first, batter OUT! 5-3
 Randy Shrewsbury to second
 |  
		| Batting: RHB Tommy Baird | 0-0: Called Strike 0-1: Ball
 1-1: Ground out 1-3 (Groundball, 34S, EV 75.6 MPH)
 Randy Shrewsbury to third
 |  
		| Batting: RHB Nick Gentzel | 0-0: Ball 1-0: SINGLE  (Groundball, 34D, EV 100.0 MPH)
 Randy Shrewsbury scores
 |  
		| Batting: RHB Garry Hash | 0-0: Ground out 4-3 (Groundball, 4, EV 106.2 MPH) |  
		| Bottom of the 8th over - 1 run, 2 hits, 0 errors, 1 left on base; Texas 1 - Oakland 3 |  
	| TOP OF THE 9TH | 
|---|
 
		| Texas Rangers batting - Pitching for Oakland Athletics : RHP Joe Bradford |  
		| Pitching: RHP Mike Pedigo |  |  
		| Batting: SHB John Giesbrecht | 0-0: Ball 1-0: Swinging Strike
 1-1: Ball
 2-1: Foul Ball, location: 2F
 2-2: Ball
 3-2: Foul Ball, location: 2F
 3-2: Foul Ball, location: 2F
 3-2: Ground out 4-3 (Groundball, 34D, EV 88.8 MPH)
 |  
		| Batting: SHB Addick de Vries | 0-0: Called Strike 0-1: Swinging Strike
 0-2: Ball
 1-2:  Fly out, F9  (Flyball, 9D, EV 106.9 MPH)
 |  
		| Batting: RHB Ray Llewellyn | 0-0: Swinging Strike 0-1: Foul Ball, location: 2F
 0-2: Strikes out swinging
 |  
		| Top of the 9th over - 0 runs, 0 hits, 0 errors, 0 left on base; Texas 1 - Oakland 3 |  |